 Dungeon Crawl Stone Soup version 0.22.1-1-ga44c0e5 (webtiles) character file.

2679 Gildeon the Cleaver (level 9, -4/75 HPs)
             Began as a Minotaur Fighter on Oct 14, 2018.
             Was a Believer of the Shining One.
             Slain by a vampire (9 damage)
             ... on level 2 of the Abyss.
             The game lasted 00:15:51 (5181 turns).

Gildeon the Cleaver (Minotaur Fighter)              Turns: 5181, Time: 00:15:52

Health: -4/75      AC: 11    Str: 25    XL:     9   Next: 37%
Magic:  11/11      EV:  9    Int:  5    God:    the Shining One [**....]
Gold:   503        SH: 11    Dex: 12    Spells: 8/8 levels left

rFire    . . .     SeeInvis .   a - +3 war axe
rCold    . . .     Gourm    .   c - +0 shield
rNeg     + . .     Faith    .   v - +0 chain mail
rPois    +         Spirit   .   (helmet restricted)
rElec    .         Reflect  .   (no cloak)
rCorr    .         Harm     .   g - +0 pair of gloves
MR       .....                  (no boots)
Stlth    ..........             (no amulet)
HPRegen  0.22/turn              k - ring of poison resistance
MPRegen  0.12/turn              H - +3 ring of strength

@: glowing
A: retaliatory headbutt, horns 2
a: Divine Shield, Renounce Religion


You were on level 2 of the Abyss.
You worshipped the Shining One.
The Shining One was pleased with you.
You were not hungry.

You visited 2 branches of the dungeon, and saw 8 of its levels.
You visited the Abyss 1 time.

You collected 503 gold pieces.

Inventory:

Hand Weapons
 a - a +3 war axe (weapon)
 y - a +1 whip of flaming
 J - a +0 flail of distortion
Armour
 c - a +0 shield (worn)
 g - a +0 pair of gloves (worn)
 v - a +0 chain mail (worn)
Jewellery
 b - an uncursed ring of resist corrosion
 k - a ring of poison resistance (left hand)
 A - an uncursed ring of flight
 H - a +3 ring of strength (right hand)
Wands
 h - a wand of polymorph (12)
 q - a wand of flame (54)
 r - a wand of digging (14)
 s - a wand of acid (13)
 w - a wand of scattershot (6)
Scrolls
 l - a scroll of teleportation
 u - 3 scrolls of remove curse
 C - a scroll of fear
 I - a scroll of blinking {unknown}
Potions
 d - a potion of might
 e - a potion of mutation
 i - 3 potions of heal wounds
 j - a potion of ambrosia
 m - 3 potions of flight
 n - 4 potions of lignification
 o - 2 potions of agility
 p - a potion of magic
 t - a potion of resistance
 z - 2 potions of berserk rage
 D - 2 potions of curing
 F - a potion of haste
 G - a potion of brilliance {unknown}
Comestibles
 f - 11 rations
 B - 10 chunks of flesh


   Skills:
 + Level 5.7 Fighting
 * Level 9.2 Axes
 - Level 5.0 Armour
 - Level 5.0 Dodging
 + Level 7.2 Shields
 + Level 4.0 Invocations
 + Level 3.6 Evocations


You had 8 spell levels left.
You didn't know any spells.
Your spell library was empty.

Dungeon Overview and Level Annotations

Branches:
Dungeon (7/15)             Temple (1/1) D:5

Altars:
Ashenzari
Cheibriados
Dithmenos
Elyvilon
Fedhas
Hepliaklqana
Kikubaaqudgha
Makhleb
Nemelex Xobeh
Okawaru
Qazlal
Ru
Sif Muna
Uskayaw
Vehumet
Wu Jian
Xom
Yredelemnul
The Shining One


Innate Abilities, Weirdness & Mutations

You reflexively headbutt those who attack you in melee.
You have a pair of horns on your head.


Message History

You hit the great orb of eyes but do no damage.
The great orb of eyes bites you!
* * * LOW HITPOINT WARNING * * *
You block the vampire's attack. The vampire barely misses you.
You hit the vampire.
The vampire is severely damaged.
You hit the great orb of eyes.
The great orb of eyes bites you but does no damage.
You block the vampire's attack. The vampire bites you.
* * * LOW HITPOINT WARNING * * *
As you read the scroll of fear, it crumbles to dust.
You assume a fearsome visage.
The vampire is unaffected.
The great orb of eyes looks frightened!
The basilisk looks frightened!
A thrashing horror comes into view.
The vampire barely misses you. The vampire completely misses you.
The thrashing horror roars!
You hit the vampire.
The vampire is almost destroyed.
You block the vampire's attack. The vampire bites you!
You die...

..##......##......##. #
..................../#
..............l......# .
.X.X......!....... .#..
............!........###.
................ . ... #
....................# ##
. #....V.## . ...##
#....@.##......#
..............#####
..............#
.....G.......##
............##
.##.###.....# ... ##.#.##
.# .....


You could see a great orb of eyes (fleeing), 2 thrashing horrors, a basilisk
(fleeing) and a vampire (invisible).

Vanquished Creatures
  Pikel (D:4)
  Prince Ribbit (D:5)
  A phantom (D:5)
  4 sky beasts
  2 centaurs
  An ogre (D:6)
  3 bullfrogs
  3 scorpions
  2 howler monkeys (D:5)
  6 orc priests
  2 crimson imps
  3 centaur skeletons
  2 hounds
  A bullfrog skeleton (D:7)
  Terence (D:2)
  2 iguanas
  6 orc wizards
  Ijyb (D:5)
  5 worker ants
  4 adders
  A shadow imp (D:6)
  An adder skeleton (D:6)
  An adder zombie (D:6)
  A worm (D:2)
  3 dart slugs
  4 leopard geckos
  20 orcs
  2 ball pythons
  4 giant cockroaches
  8 goblins
  4 hobgoblins
  5 jackals (D:5)
  2 quokkas
  6 bats
  8 frilled lizards
  3 kobolds
  5 rats
129 creatures vanquished.

Vanquished Creatures (others)
  A worker ant (D:4)
1 creature vanquished.

Grand Total: 130 creatures vanquished

Notes
Turn   | Place    | Note
-------+----------+-------------------------------------------
     0 | D:1      | Gildeon the Minotaur Fighter began the quest for the Orb.
     0 | D:1      | Reached XP level 1. HP: 19/19 MP: 0/0
   274 | D:1      | Reached XP level 2. HP: 27/27 MP: 1/1
   358 | D:1      | Found a glowing golden altar of the Shining One.
   387 | D:1      | Became a worshipper of the Shining One
   650 | D:1      | Reached skill level 3 in Axes
   858 | D:2      | Noticed Terence
   875 | D:2      | Killed Terence
   875 | D:2      | Reached skill level 1 in Dodging
   875 | D:2      | Reached XP level 3. HP: 29/33 MP: 2/2
  1215 | D:2      | Reached XP level 4. HP: 40/40 MP: 3/3
  1228 | D:2      | Found a shadowy altar of Dithmenos.
  1537 | D:3      | Noticed a bullfrog
  1544 | D:3      | Killed a bullfrog
  1544 | D:3      | Reached skill level 4 in Axes
  1544 | D:3      | Reached XP level 5. HP: 33/47 MP: 4/4
  1777 | D:3      | Reached * piety under the Shining One
  1857 | D:3      | Reached XP level 6. HP: 23/53 MP: 5/5
  2057 | D:3      | Found a sacrificial altar of Ru.
  2336 | D:4      | Reached skill level 5 in Axes
  2354 | D:4      | Reached skill level 5 in Armour
  2355 | D:4      | Reached skill level 5 in Fighting
  2639 | D:4      | Reached skill level 5 in Shields
  2799 | D:4      | Noticed a slave
  2799 | D:4      | Noticed a slave
  2800 | D:4      | Noticed Pikel
  2800 | D:4      | Noticed a slave
  2800 | D:4      | Noticed a slave
  2813 | D:4      | Killed Pikel
  2813 | D:4      | Reached skill level 6 in Axes
  2813 | D:4      | Reached skill level 1 in Invocations
  2813 | D:4      | Reached skill level 1 in Evocations
  2813 | D:4      | Reached XP level 7. HP: 47/61 MP: 5/7
  3178 | D:5      | Entered Level 5 of the Dungeon
  3215 | D:5      | Noticed Ijyb
  3220 | D:5      | Noticed Prince Ribbit
  3222 | D:5      | Killed Ijyb
  3422 | D:5      | Reached XP level 8. HP: 68/68 MP: 8/8
  3435 | D:5      | Reached skill level 7 in Axes
  3577 | D:5      | Found a staircase to the Ecumenical Temple.
  3605 | D:5      | Killed Prince Ribbit
  3714 | D:5      | Found an ornate altar of the Wu Jian Council.
  3729 | D:5      | Reached skill level 8 in Axes
  3745 | D:5      | Reached skill level 5 in Dodging
  4058 | Temple   | Entered the Ecumenical Temple
  4272 | D:6      | Reached XP level 9. HP: 74/74 MP: 10/10
  4434 | D:6      | Reached ** piety under the Shining One
  4510 | D:6      | Reached skill level 9 in Axes
  4603 | D:6      | Found a burning altar of Makhleb.
  4603 | D:6      | Noticed a cacodemon
  5078 | D:7      | Cast into level 2 of the Abyss (a distortion unwield)
  5167 | Abyss:2  | Noticed a great orb of eyes
  5177 | Abyss:2  | Noticed a thrashing horror
  5180 | Abyss:2  | Noticed a thrashing horror
  5181 | Abyss:2  | Slain by a vampire

Skill      XL: |  1  2  3  4  5  6  7  8  9 |
---------------+----------------------------+-----
Axes           | 3 4 6 8 9 |  9.2
Fighting       | 4 5 |  5.7
Armour         | 4 5 |  5.0
Dodging        | 1 2 3 4 5 |  5.0
Shields        | 4 5 6 7 |  7.2
Invocations    | 1 2 3 4 |  4.0
Evocations     | 1 3 |  3.6

Action                   |  1- 3 |  4- 6 |  7- 9 || total
-------------------------+-------+-------+-------++-------
Melee: War axe           |    66 |    87 |   167 ||   320
       Headbutt          |     7 |    15 |    30 ||    52
  Use: Scroll            |     3 |     4 |    18 ||    25
  Eat: Chunk             |     1 |     4 |     5 ||    10
       Ration            |       |     1 |       ||     1
Armor: Scale mail        |    25 |     8 |       ||    33
       Skin              |     4 |       |       ||     4
       Chain mail        |       |    30 |    68 ||    98
Dodge: Dodged            |    11 |    27 |    51 ||    89
Block: Shield            |    24 |    46 |    92 ||   162
